 Dungeon Crawl Stone Soup version 0.19.0-2-gae57169 (webtiles) character file.

786 Pepeogr the Shield-Bearer (level 7, -3/60 HPs)
             Began as a Grey Draconian Fighter on Nov 7, 2016.
             Killed by nerve-wracking pain
             ... invoked by Grinder
              (14 damage)
             ... on level 4 of the Dungeon.
             The game lasted 00:23:23 (3904 turns).

Pepeogr the Shield-Bearer (Grey Draconian Fighter)  Turns: 3904, Time: 00:23:23

Health: -3/60      AC: 12    Str: 20    XL:     7   Next: 56%
Magic:  7/7        EV: 13    Int:  5    God:
Gold:   196        SH:  0    Dex: 10    Spells: 0 memorised, 6 levels left

rFire  . . .     SeeInvis .     e - +1 scythe (slice)
rCold  . . .     Gourm    .     (armour unavailable)
rNeg   . . .     Faith    +     (shield currently unavailable)
rPois  .         Spirit   .     (helmet restricted)
rElec  .         Reflect  .     (no cloak)
rCorr  .         Harm     .     (no gloves)
MR     .....                    i - +0 pair of boots
Stlth  ++........               h - amulet of faith
                                n - -4 ring of intelligence
                                c - ring of stealth

@: no status effects
A: walk through water, unfitting armour, unbreathing, cold-blooded, AC +11
a: no special abilities


You were on level 4 of the Dungeon.
You were not hungry.

You visited 1 branch of the dungeon, and saw 4 of its levels.

You collected 196 gold pieces.

Inventory:

Hand Weapons
 a - a +0 war axe
 e - a +1 scythe of slicing (weapon)
 g - a +3 short sword of electrocution
 m - a +1 mace of protection
Armour
 b - a +3 shield
 i - a +0 pair of boots (worn)
Jewellery
 c - a ring of stealth (left hand)
 f - an uncursed amulet of the gourmand
 h - an amulet of faith (around neck)
 n - a -4 ring of intelligence (right hand)
Scrolls
 d - a scroll of noise
Comestibles
 j - a slice of pizza
 k - a bread ration
 l - 3 fruits


   Skills:
 + Level 4.5 Fighting
 - Level 4.7 Short Blades
 - Level 2.2(2.4) Axes
 - Level 1.5(2.1) Maces & Flails
 + Level 4.3 Dodging
 - Level 0.2 Stealth
 + Level 5.3 Shields


You had 6 spell levels left.
You didn't know any spells.

Dungeon Overview and Level Annotations

Branches:
Dungeon (4/15)
 Temple: D:4-7

Altars:
Dithmenos
Gozag
Sif Muna

Annotations:
D:4 Grinder


Innate Abilities, Weirdness & Mutations

You can walk through water.
Your dull iron-grey scales are very hard. (AC +11)
You cannot fit into any form of body armour.
You can survive without breathing.
You are cold-blooded and may be slowed by cold attacks.


Message History

You resist with significant effort. Grinder misses you.
You closely miss Grinder.
Grinder is lightly wounded.
Grinder hits you.
You writhe in agony.
Grinder gestures at you. Pain shoots through your body!
* * * LOW HITPOINT WARNING * * *
You slash Grinder!
Grinder is heavily wounded.
Grinder blinks!
Grinder gestures at you. You resist with significant effort.
Grinder says, "You look like you could use a good racking."
Grinder blinks!
Grinder gestures at you. Pain shoots through your body!
* * * LOW HITPOINT WARNING * * *
Grinder gestures at you. Pain shoots through your body!
You die...

##...........## #......#...#
..............# ###..........#
..............######.............
...............##.>..............
...............................#.
................###.....#......#
...............5# #....##.....##
................###....##...###
#...............@##...####..#
#............#....#...# #..#
†.#....##...####......# #.## #
..##..#####.# ##.....# ##..####
.###..# #.## ##....# ##.....#.
.###..# ...# ##...###...##...
..##.## ....# ##..#...######.
#.#..# #....## #....### ## #....#
##......## ##..### #.


You could see Grinder.

Vanquished Creatures
  Sigmund (D:4)
  A phantom (D:4)
  A bullfrog (D:3)
  2 centaur skeletons (D:4)
  A bullfrog skeleton (D:4)
  An orc priest (D:4)
  4 orc wizards
  A worker ant (D:4)
  A hound skeleton (D:4)
  Robin (D:2)
  5 adders
  4 gnolls (D:3)
  2 oozes
  2 worms
  A dart slug (D:1)
  A leopard gecko (D:1)
  21 orcs
  5 bats (D:2)
  4 giant cockroaches
  12 goblins
  10 hobgoblins
  A quokka (D:4)
  2 ball pythons
  3 frilled lizards
  8 kobolds
  9 rats
104 creatures vanquished.

Notes
Turn   | Place    | Note
-------+----------+-------------------------------------------
     0 | D:1      | Pepeogr the Draconian Fighter began the quest for the Orb.
     0 | D:1      | Reached XP level 1. HP: 19/19 MP: 1/1
   166 | D:1      | Reached XP level 2. HP: 26/26 MP: 2/2
  1122 | D:2      | Found a deep blue altar of Sif Muna.
  1123 | D:2      | Found a shadowy altar of Dithmenos.
  1205 | D:2      | Reached XP level 3. HP: 26/31 MP: 3/3
  1564 | D:2      | Noticed Robin
  1692 | D:2      | Reached skill level 1 in Maces & Flails
  1698 | D:2      | Killed Robin
  1855 | D:3      | Reached XP level 4. HP: 33/38 MP: 4/4
  2156 | D:3      | Reached skill level 1 in Short Blades
  2167 | D:3      | Reached skill level 4 in Shields
  2167 | D:3      | Reached XP level 5. HP: 44/46 MP: 5/5
  2630 | D:3      | Found an opulent altar of Gozag.
  2842 | D:4      | Reached XP level 6. HP: 38/52 MP: 6/6
  3515 | D:4      | Your scales start taking on a dull iron-grey colour.
  3515 | D:4      | Reached XP level 7. HP: 55/60 MP: 7/7
  3515 | D:4      | Gained mutation: You can survive without breathing. [Grey Draconian growth]
  3752 | D:4      | Reached skill level 5 in Shields
  3771 | D:4      | Noticed Sigmund
  3812 | D:4      | Killed Sigmund
  3872 | D:4      | Noticed Grinder
  3904 | D:4      | Killed from afar by Grinder

Skill      XL: |  1  2  3  4  5  6  7 |
---------------+----------------------+-----
Dodging        | 3 4 |  4.3
Maces & Flails | 1 |  1.5
Short Blades   | 1 2 3 4 |  4.7
Shields        | 4 5 |  5.3
Fighting       | 4 |  4.5
Axes           | |  2.2
Stealth        | |  0.2

Action                   |  1- 3 |  4- 6 |  7- 9 || total
-------------------------+-------+-------+-------++-------
Melee: War axe           |    38 |       |       ||    38
       Tailslap          |    15 |    12 |     2 ||    29
       Mace              |    68 |       |       ||    68
       Short sword       |    11 |   144 |    61 ||   216
       Scythe            |       |       |     7 ||     7
  Use: Scroll            |    11 |     6 |     1 ||    18
       Potion            |     2 |     4 |       ||     6
  Eat: Royal jelly       |     1 |       |       ||     1
       Beef jerky        |     1 |       |       ||     1
       Bread ration      |       |     2 |       ||     2
Armor: Skin              |    44 |    23 |    37 ||   104
Dodge: Dodged            |    58 |    55 |    41 ||   154
Block: Shield            |    99 |    96 |    73 ||   268
